 Dungeon Crawl Stone Soup version 0.30-a0-34-gbe8da3892a (webtiles) character file.

Game seed: 10500689937446598364

3604 ytrimaz the Transmogrifier (level 10, -5/69 HPs)
             Began as an Octopode Transmuter on Aug 28, 2022.
             Was an Initiate of Ashenzari.
             Slain by a yak (6 damage)
             ... on level 8 of the Dungeon.
             The game lasted 00:10:34 (9946 turns).

ytrimaz the Transmogrifier (Octopode Transmuter)    Turns: 9946, Time: 00:10:35

Health: -5/69      AC:  8    Str: 16    XL:     10   Next: 10%
Magic:  22/22      EV: 10    Int: 19    God:    Ashenzari [......]
Gold:   349        SH:  0    Dex: 13    Spells: 16/25 levels left

rFire   x . .      SeeInvis .      - Unarmed
rCold   + + +      Faith    .    (shield currently unavailable)
rNeg    . . .      Spirit   .    (helmet currently unavailable)
rPois   +          Reflect  .    o - amulet of magic regeneration
rElec   .          Harm     .    f - ring of wizardry
rCorr   .          Rampage  .    m - +6 ring of strength
Will    .....                    (no ring)
Stlth   +.........               (no ring)
HPRegen 0.21/turn                (no ring)
MPRegen 0.58/turn                (no ring)
                                 (no ring)
                                 (no ring)

@: ice-form, wereblooded
A: freezing attack, boosted hp, almost no armour, amphibious, 8 rings, large,
(camouflage 1), (gelatinous body 1), (nimble swimmer 1), (tentacles)
a: End Transformation, Renounce Religion, Curse Item


You were on level 8 of the Dungeon.
You worshipped Ashenzari.
Ashenzari was noncommittal.
You were a creature of crystalline ice.
You visited 2 branches of the dungeon, and saw 9 of its levels.
You also visited: Sewer.

You collected 349 gold pieces.

Inventory:

Jewellery
 f - a ring of wizardry (left front paw)
 m - a +6 ring of strength (right front paw)
 o - an amulet of magic regeneration (around neck)
 q - a ring of ice
Wands
 k - a wand of iceblast (17)
 p - a wand of flame (18)
 r - a wand of acid (11)
Scrolls
 b - a scroll of magic mapping
 c - a scroll of amnesia
 e - a scroll of torment
 i - a scroll of acquirement
 j - 2 scrolls of enchant weapon
 l - a scroll of identify
 n - a scroll of teleportation
 v - a scroll of summoning
 w - a scroll of fear
Potions
 a - a potion of curing
 d - 2 potions of haste
 g - 4 potions of flight
 h - 2 potions of might
 s - a potion of lignification
 t - 2 potions of heal wounds
 u - a potion of berserk rage


   Skills:
 - Level 1.0 Fighting
 - Level 2.0 Dodging
 * Level 5.4 Unarmed Combat
 + Level 8.2 Spellcasting
 + Level 8.9 Transmutations
 - Level 4.0 Ice Magic
 - Level 4.0 Poison Magic


You had 16 spell levels left.
You knew the following spells:

 Your Spells              Type           Power      Damage    Failure   Level
a - Ice Form              Ice/Tmut       32%        N/A       2%          4
b - Wereblood             Tmut           41%        N/A       1%          2
c - Spider Form           Tmut/Pois      32%        N/A       1%          3

Your spell library contained the following spells:

 Spells                   Type           Power      Damage    Failure   Level
 Beastly Appendage        Tmut           82%        N/A       1%          1
 Alistair's Intoxication  Tmut/Pois      21%        N/A       7%          5
 Tukima's Dance           Hex            7%         N/A       11%         3
 Yara's Violent Unravell  Hex/Tmut       12%        3d7       16%         5
 Passage of Golubria      Tloc           7%         N/A       32%         4
 Eringya's Noxious Bog    Tmut/Pois      16%        N/A       34%         6
 Borgnjor's Vile Clutch   Necr/Erth      3%         N/A       65%         5


Dungeon Overview and Level Annotations

Branches:
Dungeon (8/15)             Temple (1/1) D:5           Sewer (visited)
   Lair: D:8-11

Altars:
Ashenzari
Cheibriados
Dithmenos
Elyvilon
Fedhas
Gozag
Hepliaklqana
Kikubaaqudgha
Makhleb
Nemelex Xobeh
Qazlal
Ru
Sif Muna
Uskayaw
Vehumet
Wu Jian
Xom
Yredelemnul
The Shining One

Annotations:
D:6 1 runed translucent door, Crazy Yiuf


Innate Abilities, Weirdness & Mutations

You are a creature of crystalline ice.
You have a powerful freezing melee attack.
Your maximum health is increased.
Your armour is entirely melded.
You are incapable of wielding weapons or throwing items.
You cannot wear most types of armour.
You are amphibious.
You can wear up to eight rings at the same time.
((Your skin changes colour to match your surroundings (Stealth+).))
((Your rubbery body absorbs attacks. (AC +1, EV +1)))
((You are camouflaged when in or above water. (Stealth+)))
((You have tentacles for arms and can constrict up to eight enemies at once.))


Message History

You barely miss the yak.
The yak is severely wounded.
The yak bellows!
The yak gores you but does no damage. The yak closely misses you.
You punch the yak! You freeze the yak.
You kill the yak!
Your Unarmed Combat skill increases to level 5!
Unknown command.
You hit the yak. You freeze the yak.
The yak is lightly wounded.
The yak misses you. The yak gores you but does no damage.
You punch the yak! You freeze the yak.
The yak is almost dead.
The yak gores you but does no damage. The yak gores you!
You hit the yak but do no damage.
The yak is almost dead.
You howl as the wereblood boils in your veins!
The yak gores you but does no damage. The yak gores you!
Unknown command.
You hit the yak but do no damage.
The yak is almost dead.
You howl as the wereblood boils in your veins!
You hit the yak. You freeze the yak.
The yak is almost dead.
The yak gores you! The yak gores you.
You punch the yak! You freeze the yak.
You feel a bit better.
You kill the yak!
The yak gores you.
Unknown command.
You punch the yak! You freeze the yak.
The yak is heavily wounded.
The yak gores you! x2
* * * LOW HITPOINT WARNING * * *
You are too injured to fight recklessly!
You hit the yak. You freeze the yak.
The yak is heavily wounded.
The yak gores you!
* * * LOW HITPOINT WARNING * * *
The yak gores you.
You die...

... #....##.## #.
.... #........# ..#
.....#........#...#
.....+........#...#
.....####'##.##..#
...........####..#
...........#.....#
...........#.....#
...........#Y....#
..........YYY....#
...........#.....#
...........#.....#
...........#.....#
...........#######
#########.....YY..
#....YY...
#.........


You could see 3 yaks.

Vanquished Creatures
  Pikel (D:6)
  Maggie (D:7)
  Prince Ribbit (D:7)
  2 yaks (D:8)
  Edmund (D:4)
  2 water moccasins
  Pargi (Sewer)
  2 orc warriors
  3 ogres
  2 centaurs (D:5)
  2 phantoms
  4 lemures (D:6)
  A kobold brigand (D:7)
  2 bullfrogs (D:7)
  3 scorpions
  A necrophage (D:5)
  2 jellies
  3 hounds
  2 orc priests
  4 iguanas
  Natasha (thrice) (D:2)
  5 orc wizards
  3 gnolls (D:4)
  9 adders
  3 white imps
  6 dart slugs
  25 orcs
  3 ball pythons (D:1)
  7 endoplasms
  7 giant cockroaches
  11 goblins
  7 hobgoblins
  4 jackals (D:4)
  14 kobolds
  11 quokkas
  5 bats
  5 frilled lizards
  7 rats
175 creatures vanquished.

Vanquished Creatures (others)
  23 plants (D:1)
23 creatures vanquished.

Grand Total: 198 creatures vanquished

Notes
Turn   | Place    | Note
-------+----------+-------------------------------------------
     0 | D:1      | ytrimaz the Octopode Transmuter began the quest for the
                  | Orb.
     0 | D:1      | Reached XP level 1. HP: 13/13 MP: 3/3
   116 | D:1      | Reached XP level 2. HP: 6/18 MP: 5/5
   683 | D:1      | You fall into a shaft and drop 1 floor!
   821 | D:1      | Reached XP level 3. HP: 22/23 MP: 4/6
   831 | D:1      | Learned a level 2 spell: Wereblood
   835 | D:1      | Learned a level 3 spell: Spider Form
  1767 | D:2      | Reached skill level 1 in Poison Magic
  1835 | D:2      | Reached XP level 4. HP: 28/28 MP: 3/7
  2348 | D:2      | Noticed Natasha
  2360 | D:2      | Killed Natasha
  2459 | D:2      | Noticed Natasha
  2474 | D:2      | Killed Natasha
  2475 | D:2      | Reached XP level 5. HP: 5/33 MP: 5/8
  2930 | D:2      | Noticed Natasha
  2943 | D:2      | Killed Natasha
  3303 | D:3      | Found a faded altar of an unknown god.
  3671 | D:3      | Found a glowing drain.
  3692 | Sewer    | Entered a sewer
  3791 | Sewer    | Noticed Pargi
  3802 | Sewer    | Killed Pargi
  3803 | Sewer    | Reached XP level 6. HP: 25/38 MP: 7/10
  4001 | Sewer    | Learned a level 4 spell: Ice Form
  4507 | D:4      | Reached skill level 1 in Ice Magic
  4602 | D:4      | Reached XP level 7. HP: 25/43 MP: 6/12
  4884 | D:4      | Noticed Edmund
  4906 | D:4      | Killed Edmund
  5384 | D:4      | Found a shadowy altar of Dithmenos.
  5399 | D:4      | Found a basalt altar of Yredelemnul.
  5504 | D:4      | Identified a scroll of acquirement
  5851 | D:5      | Entered Level 5 of the Dungeon
  5963 | D:5      | Found a staircase to the Ecumenical Temple.
  6251 | Temple   | Entered the Ecumenical Temple
  6288 | Temple   | Became a worshipper of Ashenzari the Shackled
  6426 | D:5      | Reached XP level 8. HP: 45/48 MP: 10/14
  6689 | D:5      | Reached skill level 5 in Transmutations
  6703 | D:5      | Identified the +0 pair of gloves of the Eagle {-Tele Harm
                  | Str+2}
  6954 | D:6      | Reached skill level 5 in Spellcasting
  7022 | D:6      | Identified the +1 spear of the Eel {elec, Will+ Dex+2}
  7704 | D:6      | Found an ancient bone altar of Kikubaaqudgha.
  7821 | D:6      | Reached XP level 9. HP: 34/53 MP: 18/18
  7940 | D:6      | Noticed Pikel
  7953 | D:6      | Found a runed translucent door.
  7999 | D:6      | Killed Pikel
  8370 | D:6      | Noticed Crazy Yiuf
  8720 | D:7      | Noticed Prince Ribbit
  8730 | D:7      | HP: 2/63 [Prince Ribbit (15)]
  8732 | D:7      | Killed Prince Ribbit
  9231 | D:7      | Noticed Maggie
  9252 | D:7      | Killed Maggie
  9737 | D:7      | Reached XP level 10. HP: 58/58 MP: 22/22
  9875 | D:8      | Found a sacrificial altar of Ru.
  9939 | D:8      | Reached skill level 5 in Unarmed Combat
  9946 | D:8      | HP: 1/69 [yak (12)]
  9946 | D:8      | Slain by a yak

Illustrated notes

Levels and vault maps discovered:
D:1:      psy_arrival_fountain, layout_basic, serial_bayou_lagoon_a,
          nicolae_figureground_sparkle
D:2:      layout_basic, uniq_natasha
D:3:      layout_rooms, gup_sewer_entry_pipe,
          hellmonk_ecumenical_altar_heavens_door, eino_curves_04
D:4:      layout_loops_corners, chequers_temple_overflow_statue_of_worship,
          uniq_edmund
D:5:      layout_loops_ring, temple_doors_e
D:6:      layout_cave_pools, mainiacjoe_overflow_alcove_4,
          uniq_crazy_yiuf_cottage, uniq_pikel
D:7:      layout_basic, uniq_prince_ribbit1, uniq_maggie
D:8:      layout_gridville, grunt_temple_overflow_bloody_war,
          mainiacjoe_overflow_tiny_flanked, lemuel_crystal_altar
Temple:   hellmonk_temple_of_storms

Skill      XL: |  1  2  3  4  5  6  7  8  9 10 |
---------------+-------------------------------+-----
Unarmed Combat | 4 5 |  5.4
Poison Magic   | 1 2 4 |  4.0
Transmutations | 3 4 6 8 |  8.9
Spellcasting   | 3 4 6 8 |  8.2
Ice Magic      | 1 4 |  4.0
Fighting       | |  1.0
Dodging        | |  2.0

Action                   |  1- 3 |  4- 6 |  7- 9 | 10-12 || total
-------------------------+-------+-------+-------+-------++-------
Melee: Unarmed           |    88 |   174 |   267 |    23 ||   552
       Kick              |    14 |     8 |       |       ||    22
       Tentacles         |    13 |     9 |     2 |       ||    24
       Constrict         |    22 |    17 |     1 |       ||    40
       Punch             |     3 |     4 |       |       ||     7
 Cast: Beastly Appendage |    20 |    11 |       |       ||    31
       Spider Form       |     1 |    18 |    29 |       ||    48
       Ice Form          |       |     2 |     9 |     1 ||    12
       Wereblood         |       |     1 |     2 |     1 ||     4
 Abil: End Transformatio |       |     1 |       |       ||     1
  Use: Scroll            |     2 |     5 |     6 |     2 ||    15
       Potion            |     1 |     2 |     4 |       ||     7
 Stab: Sleeping          |     5 |     3 |       |       ||     8
Armor: Skin              |    38 |    27 |    37 |     8 ||   110
Dodge: Dodged            |    59 |   138 |   204 |     5 ||   406

Table legend: (Time is in decaauts)
 A = Elapsed time spent in this place.
 B = Non-inter-level travel time spent in this place.
 C = Inter-level travel time spent in this place.
 D = Time resting spent in this place.
 E = Time spent auto-exploring this place.
 F = Levels seen in this place.
 G = Mean time per level.
                   A        B        C        D        E       F      G
               +--------+--------+--------+--------+--------+-----+--------+
         Total |   9906 |   9733 |    173 |   1061 |   7177 |  10 |  990.6 |
       Dungeon |   9546 |   9382 |    164 |   1061 |   6895 |   8 | 1193.2 |
        Temple |     44 |     35 |      9 |      0 |     22 |   1 |   44.0 |
         Sewer |    315 |    315 |      0 |      0 |    260 |   1 |  315.0 |
               +--------+--------+--------+--------+--------+-----+--------+

Top non-repeatable levels by time:
     D:4: 1673 daAuts
     D:2: 1567 daAuts
     D:5: 1535 daAuts
     D:1: 1484 daAuts
     D:7: 1381 daAuts
     D:6: 1039 daAuts
     D:3: 790 daAuts
   Sewer: 315 daAuts
     D:8: 73 daAuts
  Temple: 44 daAuts
